 Dungeon Crawl Stone Soup version 0.31-a0-188-g5e087ee2ca (webtiles) character file.

Game seed: 5893765398320047750

52 qw the Shooter (level 3, -2/20 HPs)
             Began as a Deep Elf Hunter on June 23, 2023.
             Slain by a gnoll
             ... wielding a +0 club
              (6 damage)
             ... on level 2 of the Dungeon.
             The game lasted 00:00:22 (654 turns).

qw the Shooter (Deep Elf Hunter)                     Turns: 654, Time: 00:00:22

Health: -2/20      AC:  3    Str: 10    XL:     3   Next: 60%
Magic:  5/5        EV: 12    Int: 13    God:
Gold:   26         SH:  0    Dex: 18    Spells: 2/2 levels left

rFire   . . .        e - +0 shortbow (heavy)
rCold   . . .        (shield currently unavailable)
rNeg    . . .        c - +0 leather armour
rPois   .            (no helmet)
rElec   .            (no cloak)
rCorr   .            (no gloves)
SInv    .            (no boots)
Will    .....        (no amulet)
Stlth   ++           (no ring)
HPRegen 0.23/turn    (no ring)
MPRegen 0.09/turn

%: no passive effects
@: no status effects
A: no striking features
a: no special abilities


You were on level 2 of the Dungeon.
You visited 1 branch of the dungeon, and saw 2 of its levels.

You collected 26 gold pieces.


   Skills:
 - Level 1.5 Fighting
 + Level 7.1 Ranged Weapons
 - Level 2.4 Dodging
 - Level 1.2 Stealth


You had 2 spell levels left.
You didn't know any spells.
Your spell library was empty.

Inventory:

Hand Weapons
 e - a +0 heavy shortbow (weapon)
Armour
 c - a +0 leather armour (worn)
Scrolls
 f - 2 scrolls of identify
Potions
 g - a potion of enlightenment {unknown}

Dungeon Overview and Level Annotations

Branches:
Dungeon (2/15)

Altars:


Message History

You shoot an arrow. The arrow hits the kobold.
You kill the kobold!
There is an open door here.
f - 2 scrolls of identify (gained 1)
A gnoll comes into view. It is wielding a +0 club.
The gnoll shouts!
You shoot an arrow. The arrow barely misses the gnoll.
An endoplasm comes into view.
A gnoll comes into view. It is wielding a +0 flail.
The endoplasm moves out of view.
You shoot an arrow. The gnoll shouts!
The arrow hits the gnoll.
The gnoll is lightly wounded.
You shoot an arrow. The arrow hits the gnoll!
The gnoll is severely wounded.
A gnoll comes into view. It is wielding a +0 club.
You shoot an arrow. The gnoll shouts!
The arrow hits the gnoll!
You kill the gnoll!
You shoot an arrow. The arrow barely misses the gnoll.
The gnoll throws a stone.
The stone barely misses you.
You shoot an arrow. The arrow barely misses the gnoll.
The arrow hits the endoplasm!
You kill the endoplasm!
The gnoll throws a stone.
The stone hits you. The gnoll barely misses you.
You shoot an arrow. The arrow closely misses the gnoll.
The gnoll hits you with a +0 flail!
Ouch! That really hurt!
You shoot an arrow. The arrow barely misses the gnoll.
The gnoll barely misses you.
The gnoll throws a stone.
The stone hits you. The gnoll barely misses you.
You shoot an arrow. The arrow hits the gnoll!
You kill the gnoll!
The gnoll barely misses you.
Your Ranged Weapons skill increases to level 7!
You shoot an arrow. The arrow barely misses the gnoll.
The gnoll hits you with a +0 club.
You die...

#.# #.# #... #.# ....
#.# #..# #.#### #..##
# #.##.## ##...###.#
#.#.#.## ##........#
###..###.# ##...g...##
......#.####....@)...#
...........'.........+
.###.....###....)....#
.# #.....# ##.......##
.# #.....# ##.....##
.# #.....# ##...## (#
#.....# ##+## .#
#.##.## .. .. ..


You could see a gnoll.

Vanquished Creatures
  2 gnolls (D:2)
  2 endoplasms
  2 giant cockroaches (D:1)
  3 hobgoblins
  3 jackals (D:1)
  5 kobolds
  2 ball pythons (D:1)
  3 bats
  5 frilled lizards (D:1)
  4 goblins (D:1)
  3 rats
34 creatures vanquished.

Notes
Turn   | Place    | Note
-------+----------+-------------------------------------------
     0 | D:1      | qw the Deep Elf Hunter began the quest for the Orb.
     0 | D:1      | Reached XP level 1. HP: 12/12 MP: 3/3
     0 | D:1      | 0 ||| qw: Version: 0.3-a-9-g12657ce
     0 | D:1      | 0 ||| qw: Game counter: 3478
     0 | D:1      | 0 ||| qw: Always use a shield: true
     0 | D:1      | 0 ||| qw: God list: Okawaru
     0 | D:1      | 0 ||| qw: Allow faded altars: false
     0 | D:1      | 0 ||| qw: Do Orc after D:15 true
     0 | D:1      | 0 ||| qw: Do second Lair branch before Depths: true
     0 | D:1      | 0 ||| qw: Lair rune preference: random
     0 | D:1      | 0 ||| qw: Plans: Normal
     0 | D:1      | 0 ||| PLANNING D:1-11
    81 | D:1      | Reached XP level 2. HP: 16/16 MP: 4/4
    89 | D:1      | Found a faded altar of an unknown god.
    93 | D:1      | Reached skill level 6 in Ranged Weapons
   286 | D:1      | HP: 4/16 [jackal (2)]
   546 | D:1      | 546 ||| READING scroll labelled EBASOI RAGOI.
   547 | D:1      | 547 ||| READING 2 scrolls labelled YQUYKHL IMEOKK.
   548 | D:1      | 548 ||| READING scroll labelled ZATWOMEE CEHI.
   551 | D:1      | 551 ||| DROPPING scroll of butterflies.
   591 | D:2      | Reached XP level 3. HP: 20/20 MP: 5/5
   652 | D:2      | HP: 3/20 [gnoll/stone (4)]
   654 | D:2      | Reached skill level 7 in Ranged Weapons
   654 | D:2      | Slain by a gnoll

Levels and vault maps discovered:
D:1:      tarquinn_simple_flora_water_a, layout_rooms,
          ebering_ecumenical_altar_petrified
D:2:      layout_loops_corners, uniq_terence, uniq_jessica

Skill      XL: |  1  2  3 |
---------------+----------+-----
Ranged Weapons | 6 7 |  7.1
Fighting       | |  1.5
Dodging        | |  2.4
Stealth        | |  1.2

Action                     || total
---------------------------++-------
   Fire: Shortbow          ||    99
    Use: Scroll            ||     3
 Armour: Leather armour    ||     9
  Dodge: Dodged            ||    33

Table legend:
 A = Non-vault XP
 B = Vault XP
 C = Vault XP percentage of total XP
 D = Non-vault monster count
 E = Vault monster count
 F = Vault count percentage of total count
                 A         B        C        D         E       F
            +---------+---------+-------+---------+---------+-------
      Total |      75 |       0 |   0.0 |      34 |       0 |   0.0
            +---------+---------+-------+---------+---------+-------
        D:1 |      40 |       0 |   0.0 |      27 |       0 |   0.0
        D:2 |      35 |       0 |   0.0 |       7 |       0 |   0.0
            +---------+---------+-------+---------+---------+-------
